 Dungeon Crawl Stone Soup version 0.20.1-1-g8b1a95d (webtiles) character file.

26138 bobthegiant the Geomancer (level 13, -8/79 HPs)
             Began as a Gargoyle Earth Elementalist on Nov 2, 2017.
             Was an Elder of Vehumet.
             Splashed by an acid blob's acid (14 damage)
             ... on level 5 of the Lair of Beasts.
             The game lasted 01:59:16 (19984 turns).

bobthegiant the Geomancer (GrEE)                   Turns: 19984, Time: 01:59:17

Health: -8/79      AC: -10   Str: 11    XL:     13   Next: 24%
Magic:  4/26       EV: 12    Int: 22    God:    Vehumet [****..]
Gold:   862        SH:  4    Dex: 10    Spells: 15/31 levels left

rFire    . . .     SeeInvis .   b - +2 mace (protect)
rCold    . . .     Gourm    .   v - +0 buckler
rNeg     + . .     Faith    .   c - +0 robe
rPois    ∞         Spirit   .   p - +1 helmet
rElec    +         Reflect  .   R - +0 cloak
rCorr    .         Harm     .   j - +0 pair of gloves
MR       .....                  u - +0 pair of boots
Stlth    +++.......             I - amulet of magic regeneration
Regen    0.3/turn               B - ring of stealth
MPRegen  0.3/turn               E - ring of flight

@: corroded, very slightly contaminated
A: negative energy resistance 1, electricity resistance, unbreathing,
petrification resistance, rot immunity, AC +9
a: Renounce Religion, Evoke Flight


You were on level 5 of the Lair of Beasts.
You worshipped Vehumet.
Vehumet was greatly pleased with you.
You were near starving.

You visited 3 branches of the dungeon, and saw 15 of its levels.
You also visited: Sewer.

You collected 952 gold pieces.
You spent 90 gold pieces at shops.

Inventory:

Hand Weapons
 a - a +1 hunting sling
 b - a +2 mace of protection (weapon)
 f - the +0 whip of Kismet {protect, +Blink MR- Dex-5 Stlth+}
   (You found it on level 1 of the Lair of Beasts)

   It protects the one who uses it against injury (+AC on strike).
   It affects your dexterity (-5).
   It affects your resistance to hostile enchantments.
   It lets you blink.
   It makes you more stealthy.
 h - a +0 blowgun
 F - a +0 hunting sling
 W - a +2 dire flail of holy wrath
Missiles
 i - 146 stones (quivered)
 r - 26 poisoned needles
 s - 7 curare-tipped needles
Armour
 c - a +0 robe (worn)
 j - a +0 pair of gloves (worn)
 p - a +1 helmet (worn)
 u - a +0 pair of boots (worn)
 v - a +0 buckler (worn)
 R - a +0 cloak (worn)
Jewellery
 B - a ring of stealth (left hand)
 D - a +2 amulet of reflection
 E - a ring of flight (right hand)
 I - an amulet of magic regeneration (around neck)
Wands
 g - a wand of clouds (3/9)
 P - a wand of clouds (9/9)
Scrolls
 l - 2 scrolls of blinking
 y - a scroll of enchant armour
 Y - 2 scrolls of fog {unknown}
 Z - 2 scrolls of identify
Potions
 k - 5 potions of curing
 m - a potion of ambrosia {unknown}
 n - 2 potions of mutation {unknown}
 o - 2 potions of brilliance
 q - a potion of flight
Books
 e - a book of Geomancy

   Spells                             Type                      Level
   a - Sandblast                      Earth                        1
   b - Passwall                       Transmutation/Earth          2
   c - Stone Arrow                    Conjuration/Earth            3
   d - Petrify                        Transmutation/Earth          4
   e - Lee's Rapid Deconstruction     Earth                        5
Miscellaneous
 A - a sack of spiders
Comestibles
 d - 4 bread rations
 x - 5 meat rations
 O - 12 royal jellies
 U - 15 fruits


   Skills:
 + Level 8.3 Fighting
 + Level 9.4 Maces & Flails
 + Level 4.9 Armour
 - Level 1.5 Dodging
 - Level 2.1 Stealth
 - Level 4.0 Shields
 + Level 9.6 Spellcasting
 + Level 10.5 Conjurations
 - Level 0.7 Transmutations
 + Level 12.9 Earth Magic


You had 15 spell levels left.
You knew the following spells:

 Your Spells              Type           Power        Failure   Level  Hunger
a - Sandblast             Erth           ######       1%          1    None
b - Stone Arrow           Conj/Erth      ######       1%          3    None
c - Lee's Rapid Deconstr  Erth           ######....   1%          5    ####...
d - Magic Dart            Conj           ####         1%          1    None
e - Passwall              Tmut/Erth      #####.....   1%          2    None
f - Petrify               Tmut/Erth      #####...     3%          4    ##.....


Dungeon Overview and Level Annotations

Branches:
Dungeon (9/15)             Temple (1/1) D:4            Lair (5/6) D:8
 Shoals (0/4) Lair:3        Snake (0/4) Lair:2        Slime (0/5) Lair:5
    Orc: D:9-12

Altars:
Ashenzari
Cheibriados
Dithmenos
Elyvilon
Fedhas
Gozag
Hepliaklqana
Kikubaaqudgha
Makhleb
Nemelex Xobeh
Okawaru
Qazlal
Ru
Trog
Uskayaw
Vehumet
Xom
Yredelemnul
Zin
The Shining One

Shops:
D:4 **=

Annotations:
D:3 1 exclusion, Eltigrechino's ghost, amateur MiFi
D:4 2 transporters, exclusion: upstairs
D:5 1 runed door
D:8 exclusion: 2 downstairs
Lair:3 exclusions: downstairs and 1 more exclusion
Lair:4 !be careful and slow


Innate Abilities, Weirdness & Mutations

You are resistant to torment.
Your stone body is resilient. (AC +9)
You are immune to poison.
You resist negative energy. (rN+)
You are resistant to electric shocks. (rElec)
You can survive without breathing.
You are immune to petrification.
You are immune to rotting.


Message History

Aiming: Stone Arrow
Press: ? - help, Shift-Dir - straight line, f/p - entropy weaver
Aim: an entropy weaver (heavily wounded)
The stone arrow misses the entropy weaver.
The entropy weaver hits you!
* * * LOW HITPOINT WARNING * * *
The entropy weaver hits you!
* * * LOW HITPOINT WARNING * * *
You block the entropy weaver's attack. The entropy weaver barely misses you.
Blink to where?
Press: ? - help, Dir - move target cursor, p - entropy weaver You are very lightly contaminated with residual magic.
As you read the scroll of blinking, it crumbles to dust.
The acid blob quivers.
You feel better. The acid blob spits acid at you. The splash of acid hits you!
* * * LOW HITPOINT WARNING * * *
You are splashed with acid!
The acid burns!
You die...

.#..####..###...###...........##
.###..###............a.........#
## ###.##.....>......#.........##
## ##.P............##.........#
.######...###....##J.####........
.#.##P....###...##...# #........
..# #......#.....#..## #.#.PP#..
.## ##...............# ########.
..## #..........@....# ## #..#
#P..........P.### ..##
#.............## ...#
###............# #
#..####..#.........## ##
#....#####......#..####### #.
.=......########......##.########
..........####...........##PP...#
..###...........#...P##..........


You could see an acid blob and an entropy weaver.

Vanquished Creatures
  A hydra (Lair:3)
  Sonja (Lair:4)
  Nergalle (Lair:2)
  A manticore (Lair:3)
  A black mamba (Lair:5)
  An elephant (Lair:2)
  3 komodo dragons
  2 spiny frogs
  3 rime drakes
  A queen bee (D:8)
  3 slime creatures (Lair:5)
  9 blink frogs
  Grinder (D:3)
  7 hippogriffs
  Prince Ribbit (Lair:1)
  37 yaks
  2 basilisks (Lair:2)
  A wyvern (D:9)
  A hungry ghost (D:7)
  2 nagas (Lair:2)
  11 soldier ants (Lair:5)
  12 porcupines
  10 water moccasins
  A swamp drake (Lair:1)
  2 orc warriors (D:8)
  4 black bears
  3 ogres
  A sky beast (D:7)
  3 phantoms
  An eye of draining (D:9)
  11 wolves
  4 centaurs
  12 crocodiles
  15 bullfrogs
  Blork the orc (D:5)
  4 scorpions
  3 wights (D:6)
  21 killer bees
  2 howler monkeys
  A bullfrog zombie (D:8)
  A jelly (Lair:5)
  4 quasits (D:8)
  3 hounds
  4 crimson imps
  5 orc priests
  2 bullfrog skeletons
  Crazy Yiuf (D:5)
  A centaur skeleton (D:9)
  3 orc wizards
  3 iguanas
  Natasha (thrice) (D:4)
  5 hell rats (Lair:3)
  16 worker ants
  A killer bee zombie (D:9)
  A howler monkey zombie (D:9)
  A worker ant zombie (D:8)
  Robin (D:2)
  11 adders
  7 gnolls
  A howler monkey skeleton (D:8)
  3 river rats (Lair:1)
  2 shadow imps (D:8)
  An adder skeleton (D:6)
  An adder zombie (D:9)
  3 worms
  6 dart slugs
  9 leopard geckos
  13 orcs
  7 ball pythons
  11 bats
  13 giant cockroaches
  19 goblins
  14 hobgoblins
  7 jackals
  5 kobolds
  4 quokkas
  11 frilled lizards
  A leopard gecko skeleton (D:7)
  A quokka zombie (D:6)
  4 rats
  A plant (Lair:4)
411 creatures vanquished.

Vanquished Creatures (others)
  An orc (D:9)
  19 fungi
  3 plants (D:8)
23 creatures vanquished.

Grand Total: 434 creatures vanquished

Notes
Turn   | Place    | Note
-------+----------+-------------------------------------------
     0 | D:1      | bobthegiant the Gargoyle Earth Elementalist began the quest for the Orb.
     0 | D:1      | Reached XP level 1. HP: 10/10 MP: 3/3
   252 | D:1      | Reached skill level 4 in Earth Magic
   252 | D:1      | Reached XP level 2. HP: 15/15 MP: 3/5
   798 | D:1      | Reached XP level 3. HP: 19/19 MP: 6/6
   803 | D:1      | Learned a level 3 spell: Stone Arrow
  1994 | D:1      | Reached XP level 4. HP: 22/24 MP: 6/8
  2168 | D:2      | Reached skill level 1 in Conjurations
  2282 | D:2      | Reached skill level 5 in Earth Magic
  2634 | D:2      | Noticed Robin
  2898 | D:2      | Killed Robin
  3221 | D:2      | Reached XP level 5. HP: 28/28 MP: 6/9
  3228 | D:2      | Learned a level 5 spell: Lee's Rapid Deconstruction
  3357 | D:3      | Found an iron altar of Okawaru.
  3531 | D:3      | Noticed Grinder
  3615 | D:3      | Killed Grinder
  3615 | D:3      | Reached skill level 6 in Earth Magic
  3615 | D:3      | Reached XP level 6. HP: 29/32 MP: 5/11
  3670 | D:4      | Found Zaseoqeq's Assorted Antiques.
  3728 | D:4      | Found a staircase to the Ecumenical Temple.
  3781 | Temple   | Entered the Ecumenical Temple
  3827 | Temple   | Became a worshipper of Vehumet
  3910 | D:3      | Noticed Eltigrechino's ghost (amateur MiFi)
  4079 | D:3      | Found a glowing golden altar of the Shining One.
  4308 | D:4      | Noticed Natasha
  4310 | D:4      | Killed Natasha
  4360 | D:4      | Found Joigamem's Assorted Antiques.
  4641 | D:4      | Found a shattered altar of Ashenzari.
  4643 | D:4      | Found an iron altar of Okawaru.
  4646 | D:4      | Found a transporter.
  4659 | D:4      | Found a transporter.
  4676 | D:4      | Noticed a phantom
  4679 | D:4      | Killed a phantom
  4679 | D:4      | Reached XP level 7. HP: 36/36 MP: 3/13
  4769 | D:4      | Found a burning altar of Makhleb.
  4801 | D:4      | Noticed Natasha
  4803 | D:4      | Killed Natasha
  4920 | D:4      | Noticed Natasha
  4925 | D:4      | Killed Natasha
  4984 | D:4      | Found Jaufreunass's Jewellery Boutique.
  5202 | D:5      | Entered Level 5 of the Dungeon
  5248 | D:5      | Reached skill level 1 in Maces & Flails
  5305 | D:5      | Found a glowing drain.
  5310 | Sewer    | Entered a sewer
  5499 | Sewer    | Reached * piety under Vehumet
  5499 | Sewer    | Offered knowledge of Magic Dart by Vehumet.
  5503 | Sewer    | Learned a level 1 spell: Magic Dart
  5659 | Sewer    | Reached skill level 7 in Earth Magic
  5840 | D:5      | Got a scorched garnet amulet
  5846 | D:5      | Noticed Blork the orc
  5988 | D:5      | Killed Blork the orc
  5988 | D:5      | Reached XP level 8. HP: 21/41 MP: 3/15
  6250 | D:4      | Bought a +2 amulet of reflection for 90 gold pieces
  6294 | D:5      | Found a runed door.
  6295 | D:5      | Found a glowing silver altar of Zin.
  6295 | D:5      | Noticed an angel
  6755 | D:5      | Identified the amulet "Hubudob" {Faith Int+2} (You found it on level 5 of the Dungeon)
  6781 | D:5      | Reached skill level 5 in Spellcasting
  6781 | D:5      | Reached skill level 5 in Conjurations
  6965 | D:5      | Found a runed door.
  6969 | D:5      | Noticed Crazy Yiuf
  6972 | D:5      | Killed Crazy Yiuf
  7081 | D:5      | Found a white marble altar of Elyvilon.
  7084 | D:5      | Found a stormy altar of Qazlal.
  7085 | D:5      | Found an opulent altar of Gozag.
  7238 | D:5      | Found a bloodstained altar of Trog.
  7240 | D:5      | Found a hazy altar of Hepliaklqana.
  7479 | D:6      | Reached skill level 1 in Shields
  7948 | D:6      | Reached skill level 8 in Earth Magic
  8152 | D:6      | Reached XP level 9. HP: 40/45 MP: 9/17
  8310 | D:6      | Found a shimmering altar of Xom.
  8310 | D:6      | Found a shimmering altar of Xom.
  8353 | D:6      | Found a shimmering altar of Xom.
  8610 | D:6      | Offered knowledge of Searing Ray by Vehumet.
  8618 | D:6      | Reached ** piety under Vehumet
  9244 | D:7      | Found a sparkling altar of Nemelex Xobeh.
  9752 | D:7      | Reached skill level 9 in Earth Magic
  9851 | D:7      | HP: 1/45 [something (6)]
 10390 | D:8      | Reached skill level 5 in Maces & Flails
 10615 | D:8      | Reached XP level 10. HP: 22/50 MP: 2/19
 11000 | D:8      | Offered knowledge of Throw Flame by Vehumet.
 11168 | D:8      | Reached skill level 1 in Fighting
 11336 | D:8      | Found a staircase to the Lair.
 11360 | D:8      | Reached *** piety under Vehumet
 11572 | D:8      | Learned a level 2 spell: Passwall
 12002 | D:9      | Reached skill level 10 in Earth Magic
 12340 | D:8      | Offered knowledge of Static Discharge by Vehumet.
 12948 | D:9      | Found a snail-covered altar of Cheibriados.
 13266 | D:9      | Reached **** piety under Vehumet
 13361 | Lair:1   | Entered Level 1 of the Lair of Beasts
 13392 | Lair:1   | Reached XP level 11. HP: 60/60 MP: 10/22
 13563 | Lair:1   | Offered knowledge of Throw Icicle by Vehumet.
 14042 | Lair:1   | Noticed Prince Ribbit
 14051 | Lair:1   | Reached skill level 11 in Earth Magic
 14089 | Lair:1   | Killed Prince Ribbit
 14175 | Lair:1   | Reached skill level 5 in Fighting
 14350 | Lair:1   | Got an ichor-stained whip
 14498 | Lair:1   | Identified the +0 whip of Kismet {protect, +Blink MR- Dex-5 Stlth+} (You found it on level 1 of the Lair of Beasts)
 14862 | Lair:2   | Found a staircase to the Snake Pit.
 15383 | Lair:2   | Noticed Nergalle
 15393 | Lair:2   | Killed Nergalle
 15448 | Lair:2   | Reached XP level 12. HP: 44/70 MP: 9/24
 15873 | Lair:2   | Reached skill level 1 in Armour
 16019 | Lair:3   | Reached skill level 12 in Earth Magic
 16235 | Lair:3   | Reached ***** piety under Vehumet
 16320 | Lair:3   | Offered knowledge of Irradiate by Vehumet.
 16554 | Lair:2   | Learned a level 4 spell: Petrify
 16699 | Lair:3   | Noticed a five-headed hydra
 16801 | Lair:3   | Killed a five-headed hydra
 16916 | Lair:3   | Found a staircase to the Shoals.
 17244 | Lair:3   | Reached skill level 10 in Conjurations
 17885 | Lair:4   | Noticed a seven-headed hydra
 18001 | Lair:4   | Noticed Sonja
 18006 | Lair:4   | Killed Sonja
 18255 | Lair:4   | Reached XP level 13. HP: 78/78 MP: 8/26
 19150 | Lair:5   | Found a staircase to the Slime Pits.
 19819 | Lair:5   | Noticed an entropy weaver
 19914 | Lair:5   | Noticed an entropy weaver
 19976 | Lair:5   | HP: 1/79 [entropy weaver (10)]
 19978 | Lair:5   | Noticed an acid blob
 19984 | Lair:5   | Splashed by an acid blob's acid

Skill      XL: |  1  2  3  4  5  6  7  8  9 10 11 12 13 |
---------------+----------------------------------------+-----
Earth Magic    | 4 5 6 7 8 9 10 11 12 | 12.9
Conjurations   | 1 3 4 5 7 8 9 10 | 10.5
Spellcasting   | 3 4 5 6 7 8 9 |  9.6
Maces & Flails | 1 3 5 6 8 9 |  9.4
Shields        | 2 4 |  4.0
Fighting       | 3 6 7 8 |  8.3
Armour         | 4 |  4.9
Dodging        | |  1.5
Stealth        | |  2.1
Transmutations | |  0.7

Action                   |  1- 3 |  4- 6 |  7- 9 | 10-12 | 13-15 || total
-------------------------+-------+-------+-------+-------+-------++-------
Melee: Whip              |   137 |   133 |    34 |       |       ||   304
       Unarmed           |     6 |       |       |       |       ||     6
       Mace              |       |       |    22 |    79 |     7 ||   108
Throw: Stone             |     8 |     4 |     1 |     2 |       ||    15
 Cast: Sandblast         |    20 |    34 |    50 |   173 |    24 ||   301
       Stone Arrow       |     1 |    21 |    65 |   178 |    62 ||   327
       Magic Dart        |       |       |    94 |   108 |    15 ||   217
       Lee's Rapid Decon |       |       |    13 |    42 |     6 ||    61
       Passwall          |       |       |       |     3 |       ||     3
       Petrify           |       |       |       |    10 |     2 ||    12
 Abil: Evoke Flight      |       |       |       |     2 |       ||     2
       Stop Flying       |       |       |       |     1 |       ||     1
Evoke: Wand              |       |       |     1 |       |       ||     1
       Sack of spiders   |       |       |       |       |     1 ||     1
  Use: Scroll            |       |     8 |    13 |     4 |     5 ||    30
       Potion            |       |       |     3 |       |     1 ||     4
 Stab: Sleeping          |     4 |     1 |       |       |       ||     5
  Eat: Chunk             |     3 |     6 |    12 |    33 |     5 ||    59
       Meat ration       |       |     1 |       |       |       ||     1
       Fruit             |       |       |     3 |       |       ||     3
       Bread ration      |       |       |     3 |       |       ||     3
Armor: Robe              |    53 |    45 |    68 |   149 |    25 ||   340
Dodge: Dodged            |   114 |   102 |    86 |   208 |    14 ||   524
Block: Buckler           |       |       |    25 |    98 |     9 ||   132
       Other             |       |       |     1 |       |       ||     1
       Reflection        |       |       |     1 |     1 |       ||     2
